 Dungeon Crawl Stone Soup version 0.30.2 (webtiles) character file.

Game seed: 16841919944799691410

199 porpoise the Shooter (level 5, -5/47 HPs)
             Began as a Minotaur Hunter on Mar 27, 2024.
             Was an Initiate of Hepliaklqana.
             Slain by a gnoll
             ... wielding a +0 halberd
              (9 damage)
             ... on level 4 of the Dungeon.
             The game lasted 00:08:24 (2726 turns).

porpoise the Shooter (Minotaur Hunter)              Turns: 2726, Time: 00:08:24

Health: -5/47      AC:  5    Str: 16    XL:     5   Next: 48%
Magic:  4/4        EV: 11    Int:  6    God:    Hepliaklqana [......]
Gold:   101        SH:  0    Dex: 15    Spells: 4/4 levels left

rFire   . . .        a - +0 shortbow
rCold   . . .        (shield currently unavailable)
rNeg    + . .        u - +0 ring mail
rPois   .            (helmet restricted)
rElec   .            (no cloak)
rCorr   .            (no gloves)
SInv    .            (no boots)
Will    .....        r - amulet of the acrobat
Stlth   +            w - ring of positive energy
HPRegen 0.27/turn    (no ring)
MPRegen 0.09/turn

%: acrobat
@: no status effects
A: horns 2, retaliatory headbutt
a: Renounce Religion


You were on level 4 of the Dungeon.
You worshipped Hepliaklqana.
Hepliaklqana was noncommittal.
You visited 1 branch of the dungeon, and saw 4 of its levels.

You collected 171 gold pieces.
You spent 70 gold pieces at shops.

Inventory:

Hand Weapons
 a - a +0 shortbow (weapon)
 b - a +2 dagger of draining
 l - a +0 flail of venom
 n - a +1 dagger of venom
 t - a +0 lajatang
Missiles
 v - 2 poisoned darts
Armour
 c - a +0 leather armour
 u - a +0 ring mail (worn)
Jewellery
 m - a ring of fire
 r - an amulet of the acrobat (around neck)
 w - a ring of positive energy (left hand)
Scrolls
 e - a scroll of blinking
 i - a scroll of enchant weapon {unknown}
 k - a scroll of immolation
 o - a scroll of vulnerability {unknown}
 q - a scroll of fear {unknown}
 s - a scroll of teleportation {unknown}
Potions
 d - a potion of heal wounds
 f - a potion of berserk rage
 g - a potion of brilliance
 h - 2 potions of mutation
 j - 3 potions of flight
 p - 2 potions of curing


   Skills:
 + Level 4.4 Fighting
 * Level 6.6 Ranged Weapons
 - Level 2.1 Dodging
 - Level 0.7 Stealth


You had 4 spell levels left.
You didn't know any spells.
Your spell library contained the following spells:

 Spells                   Type           Power      Damage    Failure   Level
 Summon Forest            Summ/Tloc      0%         N/A       100%        5
 Eringya's Noxious Bog    Tmut/Pois      0%         N/A       100%        6
 Summon Hydra             Summ           0%         N/A       100%        7


Dungeon Overview and Level Annotations

Branches:
Dungeon (4/15)
 Temple: D:4-7

Altars:
Hepliaklqana

Shops:
D:3 !


Innate Abilities, Weirdness & Mutations

You have a pair of horns on your head.
You reflexively headbutt those who attack you in melee.


Message History

The arrow hits the gnoll but does no damage.
The gnoll is moderately wounded.
The gnoll hits you with a +0 flail!
The gnoll hits you from afar with a +0 spear.
You are too injured to fight recklessly!
You are too injured to fight recklessly!
You are too injured to fight recklessly!
The gnoll attacks as you move away! The gnoll completely misses you.
Found a sling.
You shoot an arrow. The arrow hits the gnoll.
The gnoll is almost dead.
The gnoll closely misses you.
The gnoll hits you from afar with a +0 spear!
* * * LOW HITPOINT WARNING * * *
The gnoll barely misses you. The gnoll misses you.
You shoot an arrow. The arrow hits the gnoll!
You kill the gnoll!
The gnoll hits you but does no damage. The gnoll closely misses you.
You see here a +0 flail.
You shoot an arrow. The arrow hits the gnoll!
The gnoll is almost dead.
The gnoll hits you with a +0 spear.
* * * LOW HITPOINT WARNING * * *
You shoot an arrow. The arrow hits the gnoll!
You kill the gnoll!
The gnoll barely misses you.
You shoot an arrow. The arrow hits the gnoll.
The gnoll is moderately wounded.
The gnoll completely misses you. The gnoll hits you with a +0 flail.
* * * LOW HITPOINT WARNING * * *
You shoot an arrow. The arrow hits the gnoll!
You kill the gnoll!
The gnoll barely misses you. The gnoll barely misses you.
Things that are here:
a +0 flail; a +0 spear; a gnoll corpse You shoot an arrow.
The arrow closely misses the gnoll.
The gnoll hits you with a +0 halberd!
You die...

#....##.# #
#..)..#.# .
#.......# .
###.....### ..
####......####
..
#............#
.
#.##.###.###.#
#. #g# #.# ###
#g #@# #.# #g
#)# #.# #. #.#
#.#
#.#.......).
#.#..###.##.
#... ... ....
##.#.# #. ..


You could see a gnoll.

Vanquished Creatures
  A jelly (D:3)
  Terence (D:3)
  3 gnolls (D:4)
  3 adders (D:2)
  3 worms (D:2)
  A dart slug (D:3)
  2 orcs (D:3)
  7 bats
  4 endoplasms
  3 giant cockroaches
  6 goblins
  9 hobgoblins
  7 jackals
  4 quokkas
  3 ball pythons
  3 frilled lizards
  4 kobolds
  7 rats
71 creatures vanquished.

Notes
Turn   | Place    | Note
-------+----------+-------------------------------------------
     0 | D:1      | porpoise the Minotaur Hunter began the quest for the Orb.
     0 | D:1      | Reached XP level 1. HP: 18/18 MP: 0/0
   262 | D:1      | Reached XP level 2. HP: 11/25 MP: 1/1
   649 | D:1      | Reached skill level 5 in Ranged Weapons
  1028 | D:2      | Reached XP level 3. HP: 31/31 MP: 2/2
  1269 | D:2      | Reached XP level 4. HP: 36/38 MP: 3/3
  1748 | D:3      | Found a hazy altar of Hepliaklqana.
  1769 | D:3      | Became a worshipper of Hepliaklqana the Forgotten
  1937 | D:3      | Found Puyser's Distillery.
  1942 | D:3      | Bought a potion of heal wounds for 70 gold pieces
  2062 | D:3      | Reached skill level 6 in Ranged Weapons
  2125 | D:3      | Reached XP level 5. HP: 46/46 MP: 4/4
  2342 | D:3      | Noticed Terence
  2349 | D:3      | Killed Terence
  2726 | D:4      | Slain by a gnoll

Illustrated notes

Levels and vault maps discovered:
D:1:      erik_arrival_blinker_ship, layout_loops_corners
D:2:      layout_loops_ring
D:3:      layout_loops_ring, nicolae_hepliaklqana_hazy_memory, serial_shops,
          nicolae_shop_temple_entry_statues_fountains,
          chequers_serial_rivers_micro_d, kennysheep_crisscross,
          minmay_misc_feat_hallway, uniq_terence
D:4:      layout_loops_ring, mainiacjoe_overflow_six_doors_small,
          gammafunk_ghost_gnarly_gnolls

Skill      XL: |  1  2  3  4 |
---------------+-------------+-----
Ranged Weapons | 5 6 |  6.6
Fighting       | 3 4 |  4.4
Dodging        | |  2.1
Stealth        | |  0.7

Action                     |  1- 3 |  4- 6 || total
---------------------------+-------+-------++-------
  Melee: Dagger            |     2 |       ||     2
   Fire: Shortbow          |    91 |    75 ||   166
    Use: Scroll            |       |     6 ||     6
 Armour: Leather armour    |    10 |       ||    10
         Ring mail         |       |    10 ||    10
  Dodge: Dodged            |    27 |    24 ||    51
